Map: Acropolis LE

Players

SpeCial

  • Race: Terran Terran
  • Spawn Location: 5:00

ShoWTimE - Winner!

  • Race: Protoss Protoss
  • Spawn Location: 11:00

Event: 2019 WCS Summer

VOD

Have the link to the VOD?

Description

Time

  • Played on: July 12, 2019, 2:32 p.m.
  • Length: 17:50

All games in this series

Show
View Real Time Build Order
Export as new Build Order

SpeCial Terran 

Build Orders:  

Get SALT Encoding   

  12  0:00  SCV  
  13  0:13  SCV  
  14  0:16  Supply Depot  
  14  0:25  SCV  
  15  0:38  SCV  
  15  0:39  Barracks  
  16  0:44  Refinery  
  16  0:51  SCV  
  17  1:03  SCV  
  18  1:15  SCV  
  19  1:27  SCV, Reaper  
  21  1:33  Command Center  
  21  1:43  Orbital Command  
  21  1:55  Supply Depot  
  21  2:01  Marine  
  22  2:08  Factory  
  22  2:09  SCV  
  23  2:15  Refinery  
  23  2:21  SCV  
  23  2:22  Barracks Reactor  
  24  2:33  SCV  
  25  2:45  SCV  
  26  2:53  Orbital Command  
  26  2:56  Starport  
  26  2:57  Widow Mine  
  26  2:58  Marine, SCV  
  29  2:59  Marine  
  31  3:10  SCV  
  32  3:16  Marine x2  
  32  3:18  Factory Tech Lab  
  33  3:20  SCV  
  33  3:22  SCV  
  35  3:32  SCV  
  37  3:34  Marine x2, SCV  
  37  3:36  Barracks  
  37  3:39  Barracks  
  39  3:43  Raven  
  39  3:44  SCV  
  39  3:45  Factory Tech Lab  
  39  3:46  SCV  
  39  3:48  Supply Depot  
  43  3:53  Marine  
  44  3:56  Marine, SCV  
  46  4:03  Cloaking Field  
  48  4:10  SCV x2, Supply Depot  
  48  4:11  Marine  
  48  4:14  Marine  
  50  4:18  Refinery  
  50  4:19  Bunker  
  50  4:22  SCV x2  
  52  4:31  Banshee  
  52  4:32  Marine, Supply Depot  
  52  4:34  SCV x2  
  52  4:36  Stimpack  
  58  4:39  Marine  
  58  4:40  Marine  
  58  4:41  Barracks Tech Lab  
  60  4:46  SCV x2  
  60  4:52  Supply Depot  
  62  4:54  Supply Depot  
  62  4:55  Marine  
  62  4:56  Engineering Bay  
  62  4:57  Marine x2  
  62  4:58  SCV  
  66  5:01  Factory Reactor, Marine  
  66  5:03  SCV  
  66  5:06  Refinery  
  68  5:14  SCV  
  69  5:15  Marine x2  
  69  5:17  Marauder  
  69  5:19  SCV  
  69  5:20  Marauder  
  76  5:22  Terran Infantry Weapons Level 1  
  76  5:26  Combat Shield, SCV  
  77  5:30  Supply Depot  
  77  5:31  Supply Depot  
  77  5:33  Marine x2  
  79  5:38  Marauder  
  79  5:41  SCV x2  
  83  5:48  Factory Reactor  
  83  5:49  Medivac  
  85  5:51  Medivac  
  85  5:52  Marauder  
  85  5:53  SCV  
  85  5:55  SCV  
  91  6:04  Marine x2  
  91  6:05  Marauder  
  91  6:06  SCV  
  93  6:13  Marauder  
  95  6:19  Medivac  
  95  6:21  Command Center, Medivac  
  99  6:27  Widow Mine  
  99  6:32  Supply Depot  
  101  6:34  Supply Depot  
  101  6:35  Marine  
  102  6:45  Concussive Shells  
  102  6:48  SCV  
  102  6:53  Marine  
  110  6:54  Marauder, Widow Mine x2  
  110  6:56  Medivac x2  
  113  7:05  Marauder  
  115  7:09  Barracks  
  115  7:12  Barracks  
  117  7:15  Widow Mine  
  117  7:16  Terran Infantry Armor Level 1  
  117  7:18  Liberator, SCV  
  118  7:32  Widow Mine, Liberator, SCV  
  124  7:37  Widow Mine  
  124  7:38  SCV  
  124  7:39  Orbital Command  
  124  7:42  Marine x2  
  124  7:43  Marauder x2  
  131  7:48  SCV  
  135  7:51  SCV  
  135  7:54  Widow Mine  
  140  7:58  Widow Mine  
  140  7:59  Barracks Reactor  
  140  8:00  Marine  
  140  8:04  Marine  
  140  8:05  Marauder  
  141  8:09  SCV  
  141  8:11  Marauder, Marine  
  133  8:15  Widow Mine  
  133  8:16  SCV  
  131  8:22  Marine  
  131  8:24  SCV x2  
  131  8:26  Marauder, Marine, Armory  
  137  8:27  Engineering Bay  
  137  8:29  Marauder, Refinery, Widow Mine, SCV  
  141  8:39  Refinery  
  141  8:44  SCV  
  141  8:45  Widow Mine, SCV x2, Supply Depot, Medivac x2  
  141  8:46  Marauder  
  149  8:49  Marine  
  149  8:50  Marine  
  149  8:53  Marine, Widow Mine  
  149  8:56  Supply Depot  
  149  9:00  Marauder  
  149  9:02  SCV  
  149  9:04  SCV  
  149  9:06  Marauder, SCV  
  152  9:10  Marine x2, Supply Depot x2  
  152  9:11  Marauder  
  152  9:17  Medivac x2  
  154  9:20  Marine  
  154  9:22  Marauder  
  154  9:24  Marine  
  151  9:28  Marine, Marauder  
  151  9:30  Terran Infantry Weapons Level 2  
  151  9:31  Terran Infantry Armor Level 2  
  155  9:37  Marauder, Marine  
  155  9:38  Marine  
  159  9:42  Marine, Widow Mine  
  159  9:43  Marine  
  162  9:54  SCV x2  
  162  9:57  Marine x3  
  162  9:58  Marine, Marauder, Liberator x2, Command Center  
  170  10:00  Marine  
  170  10:02  Widow Mine  
  170  10:03  Widow Mine  
  170  10:06  Marine, Supply Depot  
  173  10:08  SCV  
  180  10:23  Widow Mine  
  180  10:25  Widow Mine  
  180  10:26  Marine x2  
  180  10:27  Marauder, SCV  
  176  10:30  SCV  
  174  10:35  Marine  
  174  10:36  Marauder, Marine x2  
  174  10:41  Barracks x2  
  176  10:44  Barracks, Marine  
  176  10:46  Marine, Widow Mine x2  
  176  10:48  Marauder  
  182  10:53  Marine x2  
  182  10:54  Marauder  
  183  10:57  Marauder  
  183  11:02  Marine  
  174  11:04  Marine  
  174  11:05  Liberator x2  
  174  11:09  Marauder  
  169  11:11  Marine x2  
  169  11:15  Marauder  
  159  11:19  Marine, Marauder  
  159  11:21  Widow Mine x2  
  159  11:22  Marine  
  159  11:24  Command Center  
  165  11:31  Marine, Barracks Reactor, Marauder, Barracks Tech Lab x2  
  168  11:37  Marauder  
  170  11:40  Missile Turret  
  170  11:42  Marine x2  
  170  11:43  Marine  
  173  11:48  Liberator x2  
  173  11:52  Marine x3  
  173  11:53  Marauder, Marine  
  179  11:58  Marine  
  179  12:00  Marine  
  181  12:02  Missile Turret  
  181  12:07  Marine  
  188  12:16  Terran Infantry Weapons Level 3  
  188  12:24  Terran Infantry Armor Level 3  
  188  12:27  Marauder  
  189  12:33  Marine  
  189  12:35  Marine x2  
  189  12:36  Marauder x2  
  195  12:44  Marine x3  
  195  12:45  Marauder  
  195  12:51  Marine x2  
  197  12:52  Marine  
  197  12:53  Marine x2  
  197  12:56  Marine  
  188  13:01  Marauder  
  188  13:02  Marine  
  175  13:11  Marauder, Marine  
  137  13:14  Widow Mine x2  
  137  13:16  Marauder, Marine x2  
  137  13:19  Marine x3  
  133  13:20  Marine  
  133  13:23  Marine x2  
  133  13:27  Orbital Command  
  131  13:28  Marine  
  131  13:32  Marine  
  124  13:35  Marine  
  124  13:36  Marine, Widow Mine x2  
  124  13:41  SCV x2  
  126  13:46  Marine x2  
  120  13:50  Marine  
  120  13:52  Marine  
  120  13:53  SCV x2  
  120  13:54  SCV  
  124  13:57  Widow Mine  
  126  14:04  Marauder, Marine  
  126  14:05  SCV x2  
  126  14:07  Marine x2  
  126  14:09  Marine  
  134  14:11  SCV  
  135  14:17  Orbital Command  
  135  14:23  Marine x2  
  135  14:24  Marine, Marauder  
  138  14:25  Marauder  
  138  14:27  Marauder  
  138  14:28  Widow Mine  
  138  14:29  SCV x3  
  148  14:34  Marauder, Marine  
  146  14:44  SCV x3  
  148  14:47  Marine  
  148  14:48  Marauder  
  148  14:49  Marine x2  
  148  14:50  SCV  
  156  14:53  Widow Mine x2, Sensor Tower  
  156  14:55  Marine x2  
  156  14:56  Marine, Marauder x2, SCV x3  
  156  14:58  Marauder, Marine  
  170  15:06  Marine  
  167  15:09  Marauder  
  167  15:13  Marine  
  167  15:14  Marine  
  169  15:16  Marauder, Marine, Widow Mine x2  
  169  15:17  Orbital Command, Marine, Marauder x2  
  169  15:20  Marauder  
  179  15:23  Missile Turret  
  179  15:26  Marine x2  
  178  15:31  Marine, Marauder  
  178  15:33  Marine  
  178  15:34  Marine  
  178  15:35  Marine  
  162  15:37  Widow Mine  
  162  15:38  Marine, Marauder x2, Widow Mine  
  158  15:42  Marauder  
  158  15:43  Marine  
  142  15:53  Marauder, Marine x2  
  145  16:01  Marine  
  145  16:02  Marauder  
  145  16:03  Marauder  
  109  16:22  Marauder, Marine  
  101  16:28  Marine  
  88  16:38  Marine x5  
  92  16:44  Marine  
  92  16:45  Orbital Command  
  93  16:51  Marine  
  93  16:52  Marine  
  95  16:59  Marine  
  96  17:01  Marine  
  96  17:05  Marine  
  92  17:17  Marine x2  
  93  17:25  Marine x2  
  93  17:29  Marine  
Show
View Real Time Build Order
Export as new Build Order

ShoWTimE Protoss - Winner!

Build Orders: 1 Gate Expand, Phoenix Opening, Blink Stalkers 

Get SALT Encoding   

  12  0:00  Probe  
  13  0:12  Probe  
  14  0:17  Pylon  
  14  0:24  Probe  
  15  0:32  Probe  
  15  0:35  Gateway  
  15  0:40  Probe  
  16  0:45  Assimilator  
  17  0:51  Probe  
  18  1:03  Probe  
  19  1:15  Probe  
  20  1:22  Cybernetics Core  
  20  1:33  Nexus  
  20  1:35  Probe  
  21  1:42  Pylon  
  21  1:47  Probe  
  21  1:51  Assimilator, Adept  
  22  1:59  Probe  
  25  2:06  Warp Gate  
  25  2:12  Probe  
  26  2:20  Sentry  
  28  2:24  Probe  
  29  2:36  Probe  
  30  2:37  Stalker  
  30  2:45  Probe  
  30  2:48  Probe  
  34  2:51  Twilight Council  
  34  2:54  Phoenix  
  34  2:57  Probe  
  34  3:00  Probe  
  34  3:05  Probe  
  34  3:12  Probe  
  36  3:13  Probe  
  36  3:19  Blink  
  37  3:20  Gateway  
  37  3:23  Stalker, Probe  
  37  3:24  Probe  
  41  3:29  Pylon  
  41  3:31  Probe  
  41  3:36  Probe  
  41  3:39  Probe  
  43  3:45  Robotics Facility  
  44  3:48  Probe  
  44  3:50  Probe, Assimilator  
  46  4:00  Probe  
  48  4:02  Probe, Sentry  
  50  4:13  Probe, Pylon  
  50  4:14  Probe, Phoenix  
  52  4:17  Nexus  
  52  4:22  Pylon  
  52  4:25  Probe  
  52  4:27  Probe  
  52  4:31  Forge  
  54  4:32  Observer  
  54  4:37  Probe  
  56  4:39  Probe, Protoss Ground Armor Level 1, Pylon  
  56  4:45  Stalker  
  59  4:49  Probe  
  59  4:51  Probe  
  59  4:52  Gateway  
  61  4:53  Gateway  
  61  4:54  Observer  
  62  5:01  Probe  
  62  5:03  Probe  
  64  5:10  Gateway  
  64  5:13  Probe  
  65  5:14  Gateway  
  65  5:15  Probe  
  65  5:17  Charge, Shield Battery  
  66  5:22  Pylon  
  66  5:23  Observer  
  66  5:25  Probe  
  66  5:27  Probe  
  69  5:30  Gateway  
  69  5:32  Probe  
  70  5:36  Gateway  
  70  5:38  Probe  
  71  5:44  Stalker  
  71  5:45  Stalker  
  71  5:46  Probe  
  71  5:48  Probe, Pylon  
  77  5:51  Stalker  
  77  5:53  Probe  
  78  5:58  Zealot, Probe  
  78  6:02  Probe  
  76  6:05  Probe  
  76  6:10  Forge, Probe, Pylon  
  78  6:13  Stalker, Zealot  
  78  6:16  Zealot  
  78  6:18  Zealot  
  86  6:19  Immortal  
  86  6:23  Zealot x2  
  86  6:25  Protoss Ground Weapons Level 1  
  90  6:31  Zealot  
  95  6:35  Zealot x2  
  99  6:42  Zealot  
  101  6:49  Stalker  
  101  6:50  Pylon  
  101  6:51  Protoss Ground Armor Level 2, Sentry  
  105  6:56  Zealot x3  
  111  7:03  Pylon  
  111  7:05  Immortal, Pylon  
  115  7:08  Stalker  
  115  7:11  Stalker  
  119  7:22  Stalker x4  
  127  7:23  Observer  
  127  7:29  Observer  
  123  7:31  Stalker  
  123  7:34  Zealot x3  
  125  7:42  Nexus  
  125  7:44  Pylon  
  125  7:48  Zealot x3  
  132  7:51  Probe x3  
  132  7:57  Zealot x2  
  134  8:01  Observer  
  134  8:03  Probe, Zealot  
  134  8:04  Zealot x2  
  137  8:12  Zealot x3, Protoss Ground Weapons Level 2  
  121  8:18  Probe  
  117  8:20  Stalker x2  
  117  8:24  Immortal  
  121  8:28  Zealot x3  
  127  8:40  Zealot x2  
  131  8:42  Sentry  
  131  8:44  Zealot x2  
  135  8:52  Zealot x3  
  137  9:00  Probe x3  
  137  9:01  Stalker x2  
  138  9:06  Stalker  
  138  9:09  Observer  
  141  9:21  Probe  
  141  9:22  Probe x2  
  141  9:23  Probe  
  127  9:25  Protoss Ground Armor Level 3  
  127  9:27  Zealot x7  
  127  9:29  Warp Prism  
  143  9:43  Stalker, Pylon  
  145  9:50  Nexus  
  145  9:52  Pylon  
  145  9:54  Sentry  
  145  9:55  Zealot x5  
  155  10:08  Pylon  
  155  10:10  Zealot x2  
  159  10:18  Zealot x6  
  168  10:25  Protoss Ground Weapons Level 3  
  164  10:33  Nexus  
  162  10:39  Pylon  
  162  10:46  Zealot  
  162  10:48  Pylon  
  160  10:51  Zealot x2, Pylon  
  142  11:07  Sentry x2  
  142  11:08  Zealot x4  
  132  11:14  Zealot x2  
  106  11:28  Zealot x4  
  106  11:31  Gateway  
  114  11:34  Gateway  
  114  11:37  Probe x2  
  114  11:38  Probe  
  114  11:39  Probe  
  118  11:41  Zealot x4  
  126  11:48  Probe  
  126  11:49  Probe x2, Robotics Bay  
  126  11:50  Probe, Assimilator  
  130  12:00  Zealot  
  130  12:01  Zealot x3  
  138  12:07  Zealot x4  
  144  12:11  Robotics Facility  
  144  12:13  Assimilator  
  144  12:15  Assimilator  
  144  12:17  Pylon  
  143  12:23  Zealot x4  
  143  12:24  Pylon, Protoss Shields Level 1  
  151  12:31  Probe  
  151  12:32  Probe x3  
  151  12:36  Disruptor  
  153  12:38  Stalker x3  
  153  12:43  Zealot, Pylon  
  159  12:52  Pylon  
  159  12:53  Zealot x4  
  166  13:00  Zealot x2  
  166  13:03  Zealot x4  
  168  13:10  Zealot x2  
  158  13:13  Zealot x4  
  158  13:14  Disruptor  
  147  13:26  Disruptor  
  147  13:28  Zealot x4  
  147  13:33  Stalker x2  
  142  13:36  Stalker x2  
  142  13:39  Stalker  
  140  13:43  Probe x3  
  140  13:47  Zealot  
  135  13:56  Disruptor  
  138  14:05  Zealot x6, Pylon  
  148  14:10  Zealot x2  
  150  14:19  Dark Shrine  
  150  14:31  Zealot x8  
  162  14:47  Nexus  
  162  14:53  Stalker x3  
  162  14:54  Stalker  
  162  14:58  Templar Archives  
  154  15:15  Stalker x6  
  166  15:22  Stalker x2  
  170  15:35  Dark Templar x2  
  158  15:45  Zealot x6  
  166  15:50  Stalker, Pylon  
  166  16:03  Dark Templar  
  155  16:09  Dark Templar  
  132  16:22  Zealot x8  
  112  16:38  Pylon  
  112  16:41  Zealot x2  
  116  16:47  Pylon  
  116  16:49  High Templar x8  
  116  16:52  Archon x2  
  116  16:53  Archon x2  
  132  16:56  Assimilator, Nexus  
  132  16:58  Assimilator, Pylon  
  132  17:03  Photon Cannon  
  132  17:05  Photon Cannon  
  122  17:18  Zealot x6  
  108  17:42  Zealot x4  
  104  17:45  Zealot x5  
Tags
 
Add a new tag
Caveats
  • Supply blocks, unpowered buildings, or Contaminate may cause inaccurate times.
  • Supply counts are checked every 10 seconds.